 Dungeon Crawl Stone Soup version 0.20.1-1-g8b1a95d (webtiles) character file.

404 Tr0llz0r the Skirmisher (level 6, 0/52 HPs)
             Began as a Centaur Fighter on Aug 24, 2017.
             Slain by an ogre
             ... wielding a +0 giant spiked club
              (8 damage)
             ... on level 4 of the Dungeon.
             The game lasted 00:35:16 (6007 turns).

Tr0llz0r the Skirmisher (Centaur Fighter)           Turns: 6007, Time: 00:35:17

Health: 0/52       AC:  8    Str: 20    XL:     6   Next: 56%
Magic:  0/6        EV:  7    Int:  7    God:
Gold:   190        SH:  9    Dex: 14    Spells: 5/5 levels left

rFire    . . .     SeeInvis +   a - +0 long sword
rCold    . . .     Gourm    .   c - +0 shield
rNeg     . . .     Faith    .   H - +0 robe "Yleumimn" {rElec MR- Dex+5 SInv} (curse)
rPois    .         Spirit   +   (helmet restricted)
rElec    +         Reflect  .   v - +0 cloak
rCorr    .         Harm     .   I - +0 pair of gloves
MR       .....                  (no barding)
Stlth    +.........             u - amulet of guardian spirit
Regen    0.2/turn               (no ring)
MPRegen  0.1/turn               (no ring)

@: very quick
A: hooves 3, horns 1, iridescent scales 1, deformed body, speed 2, tough skin 3,
subdued magic 1
a: no special abilities


You were on level 4 of the Dungeon.
You were not hungry.

You visited 1 branch of the dungeon, and saw 4 of its levels.

You collected 190 gold pieces.

Inventory:

Hand Weapons
 a - a +0 long sword (weapon)
 w - a +1 short sword of draining
 y - a +3 dagger
 z - a +0 hunting sling of flaming
 A - a +0 blowgun
 B - a +0 flail
 C - a +0 mace
 D - a +0 trident
 F - a +0 morningstar
 G - a +0 falchion
Missiles
 e - 32 sling bullets
 j - 113 stones (quivered)
 o - 19 poisoned needles
 p - 6 tomahawks of returning
 x - 4 arrows
Armour
 c - a +0 shield (worn)
 r - a +0 chain mail
 v - a +0 cloak (worn)
 H - the cursed +0 robe "Yleumimn" (worn) {rElec MR- Dex+5 SInv}
   (You found it on level 4 of the Dungeon)

   It affects your dexterity (+5).
   It insulates you from electricity.
   It affects your resistance to hostile enchantments.
   It lets you see invisible.
   It has a curse placed upon it.
 I - a +0 pair of gloves (worn)
 J - a +0 plate armour
Jewellery
 u - an amulet of guardian spirit (around neck)
Wands
 m - a wand of lightning (4/15)
 t - a wand of random effects (29/48)
Scrolls
 f - a scroll of blinking
 l - 2 scrolls of fog
 n - a scroll of recharging
 q - 3 scrolls of magic mapping
 E - a scroll of identify
Potions
 b - a potion of heal wounds
 d - a potion of might
 g - a potion of haste
 i - a potion of mutation
Comestibles
 h - a meat ration
 k - a royal jelly
 s - 2 bread rations


   Skills:
 + Level 4.1 Fighting
 + Level 3.2 Long Blades
 + Level 3.6 Armour
 + Level 0.5 Dodging
 + Level 0.9 Stealth
 + Level 3.1 Shields


You had 5 spell levels left.
You didn't know any spells.

Dungeon Overview and Level Annotations

Branches:
Dungeon (4/15)
 Temple: D:4-7

Altars:
Ashenzari
Elyvilon
Fedhas
Gozag
Hepliaklqana
Okawaru
Ru
Trog
The Shining One


Innate Abilities, Weirdness & Mutations

You have hooves in place of feet.
Armour fits poorly on your strangely shaped body.
You cover ground very quickly.
You have extremely tough skin. (AC +3)
You have a pair of small horns on your head.
You are partially covered in iridescent scales. (AC +2)
Your spells are a little easier to cast, but a little less powerful.


Message History

There is an open door here.
You see here a plate armour.
J - a plate armour You open the door.
There is an open door here.
There is a hazy altar of Hepliaklqana here.
There is an open door here.
There is an open door here.
There is a stone staircase leading down here.
An ogre comes into view. It is wielding a giant spiked club.
The ogre hits you with a giant spiked club!!
The ogre barely misses you.
You hit the ogre. You kick the ogre!
The ogre is moderately wounded.
The ogre hits you with a giant spiked club!!
* * * LOW HITPOINT WARNING * * *
You barely miss the ogre. You kick the ogre.
The ogre is heavily wounded.
The ogre hits you with a giant spiked club!
You die...

#####.####....#.####.#.##.#####.#
#.# #....#........##........ #.#
#........##...##.#####.. #.#
##............##.#...'.. #.#
#.......#.......#.###.. #.#
#.....[.#..#.#..#.# #..
#.##########'##..#.#..#.# ###
#..........#O##..#.#..#.#
#>..........@....#.#..#.#
#.########.#.##....#..#.# ###
#####.##### #.#.##.......#.###..
..........# #.#.###......#.#.'..
..........# #.#..........#.###..
..........# #.#######..#.......<
########### #..........#.#.#.#..
########..##.#.#.###
#.........#...#


You could see an ogre.

Vanquished Creatures
  2 orc priests (D:4)
  2 orc wizards
  3 worker ants (D:4)
  A hound skeleton (D:4)
  9 adders
  2 oozes
  2 worms (D:3)
  A dart slug (D:1)
  4 leopard geckos
  15 orcs
  7 bats
  6 giant cockroaches
  8 goblins
  8 hobgoblins
  4 jackals (D:2)
  13 kobolds
  3 frilled lizards
  7 rats
97 creatures vanquished.

Notes
Turn   | Place    | Note
-------+----------+-------------------------------------------
     0 | D:1      | Tr0llz0r the Centaur Fighter began the quest for the Orb.
     0 | D:1      | Reached XP level 1. HP: 19/19 MP: 1/1
   238 | D:1      | Reached XP level 2. HP: 26/26 MP: 2/2
   755 | D:1      | Reached XP level 3. HP: 27/31 MP: 3/3
  1238 | D:2      | Found a shattered altar of Ashenzari.
  1982 | D:2      | Found a glowing golden altar of the Shining One.
  2028 | D:2      | Reached XP level 4. HP: 35/39 MP: 4/4
  3577 | D:3      | Reached XP level 5. HP: 33/46 MP: 5/5
  4344 | D:3      | Found an opulent altar of Gozag.
  4348 | D:3      | Gained mutation: You have a pair of small horns on your head. [potion of mutation]
  4348 | D:3      | Gained mutation: You are resistant to hostile enchantments. (MR+) [potion of mutation]
  4352 | D:3      | Reached skill level 4 in Fighting
  4395 | D:3      | Lost mutation: You have a pair of small horns on your head. [potion of mutation]
  4395 | D:3      | Lost mutation: You are resistant to hostile enchantments. (MR+) [potion of mutation]
  4395 | D:3      | Gained mutation: Your muscles are strong. (Str +2) [potion of mutation]
  4395 | D:3      | Gained mutation: Your flesh is heat resistant. (rF+) [potion of mutation]
  4396 | D:3      | Lost mutation: Your muscles are strong. (Str +2) [potion of mutation]
  4396 | D:3      | Lost mutation: Your flesh is heat resistant. (rF+) [potion of mutation]
  4396 | D:3      | Gained mutation: You have sharp fingernails. [potion of mutation]
  4396 | D:3      | Gained mutation: Your mind is acute. (Int +2) [potion of mutation]
  4397 | D:3      | Lost mutation: Your mind is acute. (Int +2) [potion of mutation]
  4397 | D:3      | Gained mutation: Your spells are a little easier to cast, but a little less powerful. [potion of mutation]
  4397 | D:3      | Gained mutation: You are partially covered in iridescent scales. (AC +2) [potion of mutation]
  4397 | D:3      | Lost mutation: You have sharp fingernails. [potion of mutation]
  4397 | D:3      | Gained mutation: You have a pair of small horns on your head. [potion of mutation]
  4415 | D:3      | Found a white marble altar of Elyvilon.
  4415 | D:3      | Found a sacrificial altar of Ru.
  4417 | D:3      | Found a blossoming altar of Fedhas.
  4417 | D:3      | Found a bloodstained altar of Trog.
  4674 | D:4      | Found a hazy altar of Hepliaklqana.
  4979 | D:4      | Found an iron altar of Okawaru.
  5024 | D:4      | Reached XP level 6. HP: 4/52 MP: 0/6
  5652 | D:4      | Got a faintly glowing robe
  5663 | D:4      | Identified the cursed +0 robe "Yleumimn" {rElec MR- Dex+5 SInv} (You found it on level 4 of the Dungeon)
  6007 | D:4      | Slain by an ogre

Skill      XL: |  1  2  3  4  5  6 |
---------------+-------------------+-----
Long Blades    | 2 3 |  3.2
Armour         | 3 |  3.6
Fighting       | 4 |  4.1
Shields        | 3 |  3.1
Dodging        | |  0.5
Stealth        | |  0.9

Action                   |  1- 3 |  4- 6 || total
-------------------------+-------+-------++-------
Melee: Long sword        |   100 |   232 ||   332
       Kick              |    16 |    43 ||    59
       Headbutt          |       |    12 ||    12
  Use: Scroll            |     4 |     3 ||     7
       Potion            |       |    10 ||    10
 Stab: Invisible         |       |     3 ||     3
  Eat: Bread ration      |     1 |     2 ||     3
       Royal jelly       |       |     1 ||     1
Armor: Scale mail        |    72 |       ||    72
       Chain mail        |       |   147 ||   147
       Skin              |       |    14 ||    14
       Robe              |       |     4 ||     4
Dodge: Dodged            |    28 |    36 ||    64
Block: Shield            |    49 |   108 ||   157
       Rpst.: Long sword |     5 |     6 ||    11
